 Dungeon Crawl Stone Soup version 0.29-a0-919-gd064cfad1c (webtiles) character file.

Game seed: 14085082261530480315

74 frimble the Magician (level 4, 0/30 HPs)
             Began as a Demonspawn Hedge Wizard on July 27, 2022.
             Slain by Terence
             ... wielding a +0 mace
              (8 damage)
             ... on level 3 of the Dungeon.
             The game lasted 00:02:34 (3998 turns).

frimble the Magician (Demonspawn Hedge Wizard)      Turns: 3998, Time: 00:02:35

Health: 0/30       AC:  6    Str: 10    XL:     4   Next: 9%
Magic:  1/8        EV: 12    Int: 17    God:
Gold:   244        SH:  0    Dex: 13    Spells: 6/9 levels left

rFire   . . .      SeeInvis .   a - +0 dagger
rCold   . . .      Faith    .   (no shield)
rNeg    . . .      Spirit   .   b - +0 robe
rPois   .          Reflect  .   c - +1 hat
rElec   .          Harm     .   (no cloak)
rCorr   .          Rampage  .   (no gloves)
Will    .....                   h - +0 pair of boots
Stlth   ++........              (no amulet)
HPRegen 0.10/turn               (no ring)
MPRegen 0.11/turn               (no ring)

@: flying, very slightly contaminated
A: slimy green scales 1
a: no special abilities


You were on level 3 of the Dungeon.
You visited 1 branch of the dungeon, and saw 3 of its levels.

You collected 244 gold pieces.

Inventory:

Hand Weapons
 a - a +0 dagger (weapon)
Armour
 b - a +0 robe (worn)
 c - a +1 hat (worn)
 h - a +0 pair of boots (worn)
Scrolls
 i - 2 scrolls of vulnerability
 j - a scroll of blinking {unknown}
 k - a scroll of teleportation
 l - a scroll of fog
 m - a scroll of identify
Potions
 d - a potion of magic
 e - a potion of resistance
 g - 3 potions of cancellation {unknown}
 o - a potion of might {unknown}


   Skills:
 - Level 2.2 Short Blades
 - Level 1.8 Dodging
 - Level 1.8 Stealth
 - Level 3.0 Spellcasting
 + Level 2.6 Conjurations
 - Level 1.0 Summonings
 - Level 0.9 Translocations


You had 6 spell levels left.
You knew the following spells:

 Your Spells              Type           Power      Damage    Failure   Level
a - Magic Dart            Conj           44%        1d5       6%          1
b - Blink                 Tloc           10%        N/A       19%         2

Your spell library contained the following spells:

 Spells                   Type           Power      Damage    Failure   Level
 Slow                     Hex            8%         N/A       17%         1
 Call Imp                 Summ           6%         N/A       17%         2
 Conjure Flame            Conj/Fire      7%         6-21      30%         3
 Call Canine Familiar     Summ           6%         N/A       32%         3
 Mephitic Cloud           Conj/Pois/Air  5%         N/A       36%         3
 Portal Projectile        Hex/Tloc       8%         N/A       41%         3
 Animate Dead             Necr           2%         N/A       86%         4
 Leda's Liquefaction      Hex/Erth       1%         N/A       86%         4
 Borgnjor's Vile Clutch   Necr/Erth      1%         N/A       99%         5
 Death Channel            Necr           1%         N/A       100%        6


Dungeon Overview and Level Annotations

Branches:
Dungeon (3/15)

Altars:

Annotations:
D:3 Terence


Innate Abilities, Weirdness & Mutations

You are partially covered in slimy green scales. (AC +2)


Message History

Press: ? - help, Q - select action, (/) - cycle Shift-Dir - straight line, f/p - Terence
Aim: Terence, wielding a +0 mace and wearing a +0 ring mail (moderately wounded, 100% to hit)
The magic dart hits Terence but does no damage.
Terence is moderately wounded.
Terence hits you with a +0 mace!
Casting: Magic Dart (safe; 6% risk of failure)
Confirm with . or Enter, or press ? or * to list all spells.
You blink.
You aren't carrying any items that you can evoke.
Terence attacks as you move away! Terence closely misses you.
Terence attacks as you move away! Terence hits you with a +0 mace.
You feel stable enough to blink again.
You open the door. Terence completely misses you.
Found 2 stones.
Casting: Blink (safe; 19% risk of failure)
Confirm with . or Enter, or press ? or * to list all spells.
You blink.
A kobold comes into view. It is wielding a +0 club.
The kobold shouts!
You feel stable enough to blink again. Terence misses you.
Terence attacks as you move away! Terence hits you with a +0 mace!
Terence attacks as you move away! Terence barely misses you.
Terence attacks as you move away! Terence hits you but does no damage.
Casting: Blink (safe; 19% risk of failure)
Confirm with . or Enter, or press ? or * to list all spells.
You miscast Blink.
You are very lightly contaminated with residual magic.
Nothing appears to happen.
Terence closely misses you.
Casting: Blink (safe; 19% risk of failure)
Confirm with . or Enter, or press ? or * to list all spells.
You don't have enough magic to cast this spell.
Unknown command.
Terence hits you with a +0 mace.
* * * LOW HITPOINT WARNING * * *
Terence attacks as you move away! Terence completely misses you.
It was a potion of flight.
You feel very buoyant.
You fly up into the air.
Terence hits you with a +0 mace!
You die...

*,*,#,#...# #. *******
*,***,###.# ## *,,,,<*
*,,,,,#...# *,*****
******#.### *,* ###.#
*,* #...####### *,*
###ยง#........
#.#########...#........
#.....@@..#.###........
#########.#.# #########
######.#.# #......#.#
#......#.# #....K.#.#
####...##'##
#..........#
#..........#


You could see Terence.

Vanquished Creatures
  A worm (D:2)
  An orc (D:3)
  11 ball pythons
  4 endoplasms
  3 giant cockroaches
  6 goblins
  8 hobgoblins
  3 jackals (D:1)
  4 quokkas
  5 bats
  3 frilled lizards
  6 kobolds
  6 rats
61 creatures vanquished.

Notes
Turn   | Place    | Note
-------+----------+-------------------------------------------
     0 | D:1      | frimble the Demonspawn Hedge Wizard began the quest for the
                  | Orb.
     0 | D:1      | Reached XP level 1. HP: 13/13 MP: 4/4
   569 | D:1      | Reached skill level 1 in Short Blades
   575 | D:1      | Gained mutation: You are partially covered in slimy green
                  | scales. (AC +2) [demonic ancestry]
   575 | D:1      | Reached XP level 2. HP: 16/19 MP: 6/6
  1347 | D:1      | Reached XP level 3. HP: 24/24 MP: 7/7
  1900 | D:2      | Learned a level 2 spell: Blink
  1999 | D:2      | Found a faded altar of an unknown god.
  3722 | D:3      | Reached XP level 4. HP: 30/30 MP: 6/8
  3965 | D:3      | Noticed Terence
  3998 | D:3      | Slain by Terence

Illustrated notes

Levels and vault maps discovered:
D:1:      dpeg_arrival_boxorama, layout_basic, minmay_pentomino_q2
D:2:      layout_basic, ebering_ecumenical_altar_petrified
D:3:      layout_basic, uniq_terence

Skill      XL: |  1  2  3 |
---------------+----------+-----
Short Blades   | 1 2 |  2.2
Conjurations   | 2 |  2.6
Dodging        | |  1.8
Stealth        | |  1.8
Spellcasting   | |  3.0
Summonings     | |  1.0
Translocations | |  0.9

Action                   |  1- 3 |  4- 6 || total
-------------------------+-------+-------++-------
Melee: Dagger            |   232 |    22 ||   254
       Punch             |     3 |       ||     3
 Cast: Magic Dart        |    26 |     6 ||    32
       Blink             |       |     2 ||     2
  Use: Scroll            |     7 |       ||     7
       Potion            |       |     1 ||     1
 Stab: Sleeping          |     7 |       ||     7
Armor: Robe              |    59 |    14 ||    73
Dodge: Dodged            |   154 |    13 ||   167

Table legend: (Time is in decaauts)
 A = Elapsed time spent in this place.
 B = Non-inter-level travel time spent in this place.
 C = Inter-level travel time spent in this place.
 D = Time resting spent in this place.
 E = Time spent auto-exploring this place.
 F = Levels seen in this place.
 G = Mean time per level.
                   A        B        C        D        E       F      G
               +--------+--------+--------+--------+--------+-----+--------+
         Total |   3976 |   3886 |     90 |     26 |   3312 |   3 | 1325.3 |
       Dungeon |   3976 |   3886 |     90 |     26 |   3312 |   3 | 1325.3 |
               +--------+--------+--------+--------+--------+-----+--------+

Top non-repeatable levels by time:
     D:1: 1804 daAuts
     D:2: 1467 daAuts
     D:3: 704 daAuts
